 Dungeon Crawl Stone Soup version 0.29-a0-892-g2c4c91d9db (webtiles) character file.

Game seed: 14809072020048175921

2626 Aurophilus the Covert (level 9, -1/44 (45) HPs)
             Began as a Spriggan Brigand on July 22, 2022.
             Was a Follower of Dithmenos.
             Succumbed to Amaemon's poison
             ... on level 7 of the Dungeon.
             The game lasted 00:26:30 (9955 turns).

Aurophilus the Covert (Spriggan Brigand)            Turns: 9955, Time: 00:26:30

HP:   -1/44 (45)    AC:  9    Str: 11    XL:     9   Next: 34%
MP:   15/17         EV: 19    Int: 12    God:    Dithmenos [*.....]
Gold: 422           SH:  0    Dex: 17    Spells: 18/18 levels left

rFire   . . .      SeeInvis +   i - +4 dagger (venom)
rCold   . . .      Faith    .   (no shield)
rNeg    . . .      Spirit   +   w - +1 robe {Will+}
rPois   .          Reflect  .   (helmet restricted)
rElec   .          Harm     .   c - +1 cloak
rCorr   .          Rampage  .   (gloves unavailable)
Will    ++...                   (boots unavailable)
Stlth   +++++++...              f - amulet of guardian spirit
HPRegen 0.14/turn               (no ring)
MPRegen 0.15/turn               (no ring)

@: lethally poisoned (-1 -> -12), wreathed by umbra, lightly drained, very quick
A: very small, no large weapons, unfitting armour, see invisible, speed 3,
iridescent scales 2, clumsy 1, strong 1
a: Renounce Religion


You were on level 7 of the Dungeon.
You worshipped Dithmenos.
Dithmenos was aware of your devotion.
You visited 2 branches of the dungeon, and saw 9 of its levels.

You collected 422 gold pieces.

Inventory:

Hand Weapons
 a - a +2 dagger of flaming
 i - a +4 dagger of venom (weapon)
Missiles
 d - 14 poisoned darts (quivered)
 e - 10 curare-tipped darts
 m - 2 throwing nets
Armour
 c - a +1 cloak (worn)
 w - a +1 robe of willpower (worn)
Jewellery
 f - an amulet of guardian spirit (around neck)
Wands
 h - a wand of mindburst (16)
 l - a wand of charming (5)
 r - a wand of iceblast (21)
 u - a wand of flame (15)
Scrolls
 v - a scroll of brand weapon
 x - a scroll of blinking
 z - a scroll of enchant armour
Potions
 g - 3 potions of heal wounds
 j - 2 potions of invisibility
 q - a potion of curing
 s - a potion of might


   Skills:
 * Level 4.1 Fighting
 * Level 8.3 Short Blades
 - Level 2.0 Throwing
 + Level 4.7 Dodging
 * Level 12.8 Stealth
 * Level 5.0 Spellcasting


You had 18 spell levels left.
You didn't know any spells.
Your spell library contained the following spells:

 Spells                   Type           Power      Damage    Failure   Level
 Beastly Appendage        Tmut           6%         N/A       21%         1
 Freeze                   Ice            12%        1d4       21%         1
 Sting                    Tmut/Pois      12%        1d3       21%         1
 Poisonous Vapours        Pois/Air       6%         N/A       30%         2
 Scorch                   Fire           6%         2d5       30%         2
 Wereblood                Tmut           3%         N/A       30%         2
 Call Canine Familiar     Summ           3%         N/A       52%         3
 Frozen Ramparts          Ice            6%         1d2       52%         3
 Portal Projectile        Hex/Tloc       6%         N/A       52%         3
 Spider Form              Tmut/Pois      3%         N/A       52%         3
 Flame Wave               Conj/Fire      3%         2d4       89%         4
 Hailstorm                Conj/Ice       3%         3d3       89%         4
 Leda's Liquefaction      Hex/Erth       1%         N/A       89%         4
 Olgreb's Toxic Radiance  Pois           3%         N/A       89%         4
 Dispersal                Tloc           1%         N/A       100%        6
 Summon Cactus Giant      Summ           1%         N/A       100%        6
 Disjunction              Tloc           1%         N/A       100%        8


Dungeon Overview and Level Annotations

Branches:
Dungeon (8/15)             Temple (1/1) D:4
   Lair: D:8-11

Altars:
Ashenzari
Cheibriados
Dithmenos
Elyvilon
Fedhas
Gozag
Hepliaklqana
Kikubaaqudgha
Makhleb
Nemelex Xobeh
Okawaru
Qazlal
Ru
Sif Muna
Trog
Uskayaw
Vehumet
Wu Jian
Xom
Yredelemnul
Zin
The Shining One

Shops:
D:2 *   D:7 ((

Annotations:
D:8 Amaemon


Innate Abilities, Weirdness & Mutations

You are very small and have problems with some larger weapons.
You are too small for most types of armour.
You have supernaturally acute eyesight. (SInv)
You cover ground extremely quickly. (Speed+++)
You are mostly covered in iridescent scales. (AC +4)
You are clumsy. (Dex -2)
Your muscles are strong. (Str +4, Int/Dex -1)


Message History

You feel sick.
You barely miss Amaemon.
Amaemon is lightly wounded.
You feel sick. Amaemon misses you. Amaemon closely misses you.
Amaemon tail-slaps you but does no damage.
An orange demon comes into view.
The orange demon screeches!
You hit Amaemon.
Amaemon is poisoned.
Amaemon is lightly wounded.
You feel sick.
You hear a shout!
Amaemon closely misses you. x2; Amaemon misses you.
You hit Amaemon.
Amaemon looks even sicker.
Amaemon is lightly wounded.
You feel sick.
You hit Amaemon.
Amaemon looks as sick as possible!
Amaemon is lightly wounded.
You feel sick.
Amaemon barely misses you. x2; Amaemon tail-slaps you.
You are lethally poisoned!
Amaemon poisons you!
An orc warrior comes into view. It is wielding a +0 war axe.
You are too injured to fight recklessly!
You are too injured to fight recklessly!
You are too injured to fight recklessly!
You feel very sick.
A scorpion comes into view.
You feel very sick.
The scorpion moves out of view.
* * * LOW HITPOINT WARNING * * *
You feel very sick.
A wyvern comes into view.
* * * LOW HITPOINT WARNING * * *
You feel sick.
* * * LOW HITPOINT WARNING * * *
You feel very sick.
There is a stone staircase leading up here.
* * * LOW HITPOINT WARNING * * *
You feel very sick.
You climb upwards.
You die...

#.# ######.###.# #.# #......#
#.# ##### #.# #.####.###.#
#...#######.###.# #....##
#.#...).........####.#.########
#...#######..........#.........
##.## ###..######..##########
#.# #.......# #[........### #.#
#...[.@.# ##.######.... #.#
##.......####.# ##### #.#
#.............# # #.#
#........###### # #.#
#........# # #.# #........#
######### #.# #.########
#........ #.# ###.# #.#######
#.# #...###### #.#


There were no monsters in sight!

Vanquished Creatures
  Joseph (D:7)
  A wraith (D:6)
  2 steam dragons (D:7)
  A water moccasin (D:6)
  An ice beast (D:7)
  A black bear (D:6)
  An ogre (D:6)
  3 phantoms
  A kobold brigand (D:7)
  A bullfrog (D:8)
  2 necrophages
  A gnoll sergeant (D:5)
  3 wights
  A howler monkey (D:2)
  2 hounds
  3 jellies
  Crazy Yiuf (D:7)
  2 orc priests
  2 iguanas
  Ijyb (D:3)
  3 orc wizards
  Natasha (thrice) (D:3)
  7 gnolls (D:5)
  13 adders
  A shadow imp (D:7)
  A white imp (D:7)
  2 ufetubi (D:6)
  A worm (D:4)
  5 dart slugs
  24 orcs
  4 endoplasms
  2 giant cockroaches
  5 goblins
  5 hobgoblins
  4 jackals (D:1)
  10 kobolds
  4 quokkas
  7 ball pythons
  5 bats
  A frilled lizard (D:2)
  10 rats
  A bush (D:7)
149 creatures vanquished.

Vanquished Creatures (others)
  3 fungi
  10 plants
13 creatures vanquished.

Grand Total: 162 creatures vanquished

Notes
Turn   | Place    | Note
-------+----------+-------------------------------------------
     0 | D:1      | Aurophilus the Spriggan Brigand began the quest for the
                  | Orb.
     0 | D:1      | Reached XP level 1. HP: 10/10 MP: 2/2
    51 | D:1      | Reached skill level 6 in Stealth
   694 | D:1      | Reached XP level 2. HP: 14/14 MP: 3/3
  1089 | D:1      | Reached skill level 1 in Spellcasting
  1548 | D:2      | Found a faded altar of an unknown god.
  1550 | D:2      | Reached skill level 7 in Stealth
  1550 | D:2      | Reached XP level 3. HP: 18/18 MP: 5/5
  2085 | D:2      | Found Iteakhlu's General Store.
  2120 | D:2      | Reached XP level 4. HP: 17/23 MP: 5/7
  2762 | D:3      | Reached XP level 5. HP: 15/26 MP: 7/9
  3198 | D:3      | You fall into a shaft and drop 2 floors!
  3198 | D:5      | Entered Level 5 of the Dungeon
  3198 | D:5      | Found a shimmering altar of Xom.
  3198 | D:5      | Found a basalt altar of Yredelemnul.
  3203 | D:5      | Found a bloodstained altar of Trog.
  3205 | D:5      | Found a hide-covered altar of Uskayaw.
  3208 | D:5      | Found a stormy altar of Qazlal.
  3251 | D:5      | Reached skill level 8 in Stealth
  3259 | D:4      | Found the +7 Kryia's mail coat {PotionHeal*2 rC+}
  3290 | D:3      | Noticed Ijyb
  3295 | D:3      | Killed Ijyb
  3494 | D:3      | Noticed Natasha
  3519 | D:3      | Killed Natasha
  3520 | D:3      | Reached XP level 6. HP: 24/30 MP: 7/10
  3645 | D:3      | Noticed Natasha
  3654 | D:3      | Killed Natasha
  3930 | D:3      | Noticed Natasha
  3938 | D:3      | Killed Natasha
  4045 | D:4      | Found a staircase to the Ecumenical Temple.
  4322 | D:4      | Reached skill level 5 in Short Blades
  4663 | D:4      | Reached skill level 9 in Stealth
  4663 | D:4      | Reached XP level 7. HP: 26/35 MP: 8/12
  5118 | Temple   | Entered the Ecumenical Temple
  5209 | Temple   | Became a worshipper of Dithmenos the Shadowed
  6351 | D:6      | Noticed a wraith
  6352 | D:6      | Killed a wraith
  6353 | D:6      | Reached skill level 10 in Stealth
  6476 | D:6      | Reached XP level 8. HP: 36/39 MP: 14/14
  7063 | D:6      | Reached * piety under Dithmenos
  7076 | D:6      | HP: 2/40 [ogre/+0 giant club (25)]
  7412 | D:6      | Reached skill level 11 in Stealth
  7971 | D:7      | Found Qymureuwk's Antique Weapon Shop.
  8128 | D:7      | Found an ornate altar of the Wu Jian Council.
  8131 | D:7      | Found a burning altar of Makhleb.
  8139 | D:7      | Found a white marble altar of Elyvilon.
  8273 | D:7      | Found a glowing golden altar of the Shining One.
  8274 | D:7      | Found a snail-covered altar of Cheibriados.
  8275 | D:7      | Found a broken altar of Ashenzari.
  8292 | D:7      | Found a radiant altar of Vehumet.
  8483 | D:7      | Noticed Joseph
  8736 | D:7      | Killed Joseph
  8737 | D:7      | Reached skill level 12 in Stealth
  8737 | D:7      | Reached XP level 9. HP: 25/45 MP: 10/16
  9463 | D:7      | Found Epirid's Antique Weapon Boutique.
  9563 | D:7      | Found a runed translucent door.
  9564 | D:7      | Noticed Crazy Yiuf
  9575 | D:7      | Killed Crazy Yiuf
  9710 | D:7      | Gained mutation: You are clumsy. (Dex -2) [potion of
                  | mutation]
  9710 | D:7      | Gained mutation: You are partially covered in iridescent
                  | scales. (AC +2) [potion of mutation]
  9710 | D:7      | Gained mutation: Your muscles are strong. (Str +4, Int/Dex
                  | -1) [potion of mutation]
  9710 | D:7      | Gained mutation: You are mostly covered in iridescent
                  | scales. (AC +4) [potion of mutation]
  9802 | D:8      | Reached skill level 5 in Spellcasting
  9934 | D:8      | Noticed Amaemon
  9945 | D:8      | Noticed an orange demon
  9955 | D:7      | Succumbed to Amaemon's poison

Illustrated notes

Levels and vault maps discovered:
D:1:      minmay_arrival_jagged, layout_loops_cross,
          chequers_serial_rivers_room_b
D:2:      layout_basic, serial_shops, nicolae_shop_stone,
          nicolae_ecumenical_snake_handling
D:3:      layout_rooms, serial_forest, infiniplex_forest_clump_small,
          infiniplex_forest_end_3, infiniplex_forest_lined_1,
          infiniplex_forest_clump_long, infiniplex_forest_fountain,
          infiniplex_forest_end_2, infiniplex_forest_lined_2, uniq_natasha,
          uniq_ijyb
D:4:      layout_loops_ring, minmay_temple_entry_junction_2
D:5:      layout_loops_ring, chequers_temple_overflow_minitemple
D:6:      layout_loops_ring, minmay_starry_boxes
D:7:      layout_loops_ring, nicolae_overflow_hallway_of_the_gods, serial_shops,
          shop, nicolae_shop_hallway_stairs, minivault_25, serial_park_tiny_2,
          uniq_crazy_yiuf_cottage, uniq_joseph
D:8:      layout_cave_pools, minmay_lair_entry_grove, uniq_amaemon
Temple:   eino_temple_lava

Skill      XL: |  1  2  3  4  5  6  7  8  9 |
---------------+----------------------------+-----
Stealth        | 6 7 8 9 10 12 | 12.8
Spellcasting   | 1 2 3 4 5 |  5.0
Short Blades   | 3 4 5 6 7 8 |  8.3
Dodging        | 2 3 4 |  4.7
Fighting       | 2 3 4 |  4.1
Throwing       | |  2.0

Action                   |  1- 3 |  4- 6 |  7- 9 || total
-------------------------+-------+-------+-------++-------
Melee: Dagger            |    93 |   149 |   386 ||   628
       Punch             |       |     1 |     5 ||     6
  Use: Scroll            |     3 |     2 |     7 ||    12
       Potion            |     1 |       |     5 ||     6
 Stab: Sleeping          |    10 |    11 |    14 ||    35
       Distracted        |       |       |     1 ||     1
Armor: Robe              |     9 |     5 |    15 ||    29
Dodge: Dodged            |    55 |    64 |   183 ||   302

Table legend: (Time is in decaauts)
 A = Elapsed time spent in this place.
 B = Non-inter-level travel time spent in this place.
 C = Inter-level travel time spent in this place.
 D = Time resting spent in this place.
 E = Time spent auto-exploring this place.
 F = Levels seen in this place.
 G = Mean time per level.
                   A        B        C        D        E       F      G
               +--------+--------+--------+--------+--------+-----+--------+
         Total |   7670 |   7444 |    226 |   1687 |   4483 |   9 |  852.2 |
       Dungeon |   7606 |   7393 |    213 |   1687 |   4443 |   8 |  950.8 |
        Temple |     64 |     52 |     12 |      0 |     39 |   1 |   64.0 |
               +--------+--------+--------+--------+--------+-----+--------+

Top non-repeatable levels by time:
     D:7: 1402 daAuts
     D:3: 1128 daAuts
     D:1: 1102 daAuts
     D:2: 1089 daAuts
     D:5: 1074 daAuts
     D:6: 876 daAuts
     D:4: 872 daAuts
  Temple: 64 daAuts
     D:8: 59 daAuts
